 Dungeon Crawl Stone Soup version 0.15.2 (webtiles) character file.

241 magipi the Ruinous (level 6, -3/32 HPs)
             Began as a Tengu Fire Elementalist on May 9, 2015.
             Killed from afar by emiel's ghost (8 damage)
             ... with a puff of frost
             ... on Level 3 of the Dungeon.
             The game lasted 00:12:12 (2455 turns).

magipi the Ruinous (Tengu Fire Elementalist)        Turns: 2455, Time: 00:12:12

HP  -3/32        AC  2     Str  8      XL: 6   Next:  8%
MP  14/14        EV 12     Int 18      God:
Gold 105         SH  0     Dex 14      Spells:  3 memorised,  3 levels left

rFire  . . .     SeeInvis .     d - +0 dagger
rCold  . . .     Clarity  .     a - +0 robe
rNeg   . . .     rCorr    .     (no shield)
rPois  .         rRot     .     (helmet restricted)
rElec  .         Spirit   .     (no cloak)
SustAb .         Warding  .     (no gloves)
rMut   .         Stasis   .     (boots unavailable)
Gourm  .                        (no amulet)
MR     .....                    (no ring)
                                (no ring)

@: not resistant to hostile enchantments, unstealthy
A: able to fly, beak, talons 3
a: Fly


You were on level 3 of the Dungeon.
You were not hungry.

You visited 1 branch of the dungeon, and saw 3 of its levels.

You collected 105 gold pieces.

Inventory:

Hand weapons
 d - a +0 dagger (weapon)
Missiles
 e - 8 needles of confusion
 q - 2 curare-tipped needles
Armour
 a - a +0 robe (worn)
Comestibles
 c - 3 bread rations
 h - a slice of pizza
 k - a meat ration
 r - a rotting chunk of giant gecko flesh
 u - a chunk of hound flesh
 w - a chunk of quokka flesh
Scrolls
 j - a scroll of amnesia {unknown}
 l - 5 scrolls of identify {unknown}
 m - a scroll of immolation {unknown}
 p - a scroll of blinking {unknown}
 s - a scroll of remove curse {unknown}
 t - a scroll of enchant armour {unknown}
 y - a scroll of random uselessness {unknown}
Jewellery
 f - a cursed -2 ring of slaying {unknown}
 n - a +4 ring of evasion {unknown}
Potions
 g - 2 potions of curing {unknown}
 i - a potion of flight {unknown}
 o - 2 potions of lignification {unknown}
 v - a potion of brilliance {unknown}
 x - a potion of heal wounds {unknown}
Books
 b - a book of Flames

   Spells                             Type                      Level
   *Flame Tongue                      Conjuration/Fire             1
   Throw Flame                        Conjuration/Fire             2
   *Conjure Flame                     Conjuration/Fire             3
   Inner Flame                        Hexes/Fire                   3
   *Sticky Flame                      Conjuration/Fire             4
   Fireball                           Conjuration/Fire             5


   Skills:
 - Level 2.1 Dodging
 - Level 2.0 Stealth
 + Level 3.0 Spellcasting
 + Level 5.4 Conjurations
 + Level 4.9 Fire Magic


You had 3 spell levels left.
You knew the following spells:

 Your Spells              Type           Power        Failure   Level  Hunger
a - Flame Tongue          Conj/Fire      ###..        1%          1    None
b - Conjure Flame         Conj/Fire      ###.....     10%         3    ###....
c - Sticky Flame          Conj/Fire      ###.....     24%         4    ####...


Dungeon Overview and Level Annotations

Branches:
Dungeon (3/15)

Altars:
Qazlal
Yredelemnul
Zin

Annotations:
D:1 dig
D:3 emiel's ghost, average HEIE


Innate Abilities, Weirdness & Mutations

You can fly.
You have a beak for a mouth.
You have claws for feet.

Vault maps used:
D:1:      lordsloth_arrival_two_stooges
D:2:      minmay_kobold_bridge, gammafunk_temple_overflow_pools, uniq_iyjb
D:3:      nicolae_qazlal_general_emergency, first_bread


Message History

You miscast Flame Tongue.
You are very lightly contaminated with residual magic.
Your skin tingles.
The hound barely misses you.
The hound stops to sniff the ground.
The hound closely misses you.
Casting: Flame Tongue
Confirm with . or Enter, or press ? or * to list all spells.
Aiming: Flame Tongue
Press: ? - help, Shift-Dir - straight line, f/p - hound
Aim: a hound (heavily wounded)
The flame tongue hits the hound.
The hound is almost dead.
The hound barely misses you.
Casting: Flame Tongue
Confirm with . or Enter, or press ? or * to list all spells.
Aiming: Flame Tongue
Press: ? - help, Shift-Dir - straight line, f/p - hound
Aim: a hound (almost dead)
The flame tongue hits the hound.
You kill the hound!
Your Spellcasting skill increases to level 3!
You have reached level 6!
Your experience leads to an increase in your attributes!
Increase (S)trength, (I)ntelligence, or (D)exterity?
You feel clever.
You see here a hound corpse.
You start butchering the hound corpse.
You continue butchering the corpse.
You continue butchering the corpse. x2
You finish butchering the hound corpse.
u - a chunk of hound flesh You start resting.
Your magical contamination has completely faded away.
You start resting.
Magic restored.
You see here a robe.
Found a glowing shield.
You see here a glowing shield.
Found a stone staircase leading up.
A goblin comes into view. It is wielding a dagger.
There is a stone staircase leading up here.
A bat comes into view.
The goblin shouts!
Casting: Flame Tongue
Confirm with . or Enter, or press ? or * to list all spells.
Aiming: Flame Tongue
Press: ? - help, Shift-Dir - straight line, f - goblin
Aim: a goblin, wielding a dagger The flame tongue hits the goblin.
You kill the goblin!
Casting: Flame Tongue
Confirm with . or Enter, or press ? or * to list all spells.
You can't see any susceptible monsters within range! (Use Z to cast anyway.) Unknown command.
A rat comes into view.
Found a stone staircase leading up.
Casting: Flame Tongue
Confirm with . or Enter, or press ? or * to list all spells.
Aiming: Flame Tongue
Press: ? - help, Shift-Dir - straight line, f - bat
Aim: a bat The flame tongue hits the bat.
You kill the bat!
Casting: Flame Tongue
Confirm with . or Enter, or press ? or * to list all spells.
Aiming: Flame Tongue
Press: ? - help, Shift-Dir - straight line, f - rat
Aim: a rat The flame tongue misses the rat.
You hit the rat.
You kill the rat!
Things that are here:
a dagger; a goblin corpse
Found an escape hatch in the floor.
A kobold comes into view.
The kobold shouts!
Casting: Flame Tongue
Confirm with . or Enter, or press ? or * to list all spells.
Aiming: Flame Tongue
Press: ? - help, Shift-Dir - straight line, f - kobold
Aim: a kobold The flame tongue hits the kobold.
You kill the kobold!
Casting: Flame Tongue
Confirm with . or Enter, or press ? or * to list all spells.
You can't see any susceptible monsters within range! (Use Z to cast anyway.) Unknown command.
You now have 105 gold pieces (gained 12).
x - a sedimented red potion
y - a scroll labeled IRICLE NAHA Why would you want to do that?
Emiel's ghost turns its malevolent gaze towards you.
Emiel's ghost gestures at you while chanting.
The puff of frost hits you!
Emiel's ghost gestures at you while chanting.
The puff of frost hits you!
Ouch! That really hurt!
* * * LOW HITPOINT WARNING * * *
Emiel's ghost points at you and mumbles some strange words.
The puff of frost hits you!
You die...

.#..#.#...####.......≈......##
...................≈.≈≈≈......
.................W#..+#≈≈....##
#....###.........≈≈≈≈≈≈#≈≈.....
#..............≈≈≈#≈>.≈≈......# .
#....###.....##.≈≈≈≈._≈#..≈....
.##....###.........≈≈≈≈≈≈#......#
................#...##≈≈##≈.....#
.............%..@.....≈≈≈≈.......
.##.....##......#......≈.........
.................................
.....).....<.............#.......
............................#....
.##...#####.....#..#..#..#..#....
................#..#..#..........
..#.............#..#..##.#.......
............#............#.###...


You could see emiel's ghost.

Table legend:
 A = Kills in this place as a percentage of kills in entire the game.
 B = Kills by you in this place as a percentage of kills by you in the entire game.
 C = Kills by friends in this place as a percentage of kills by friends in the entire game.
 D = Other kills in this place as a percentage of other kills in the entire game.
 E = Experience gained in this place as a percentage of experience gained in the entire game.
 F = Experience gained in this place divided by the number of levels of this place that you have seen.
                   A       B       C       D       E      F
               +-------+-------+-------+-------+-------+----------------------
         Total | 100.0 | 100.0 |  -nan |  -nan | 100.0 | 115.0
       Dungeon | 100.0 | 100.0 |  -nan |  -nan | 100.0 | 115.0
               +-------+-------+-------+-------+-------+----------------------

Vanquished Creatures
  An ogre (D:3)
  A hound (D:3)
  Ijyb (D:2)
  4 adders (D:2)
  2 worms (D:2)
  3 giant geckos
  7 bats
  2 giant cockroaches (D:2)
  9 hobgoblins
  4 jackals (D:2)
  12 kobolds
  4 goblins
  A quokka (D:3)
  8 rats
59 creatures vanquished.

Notes
Turn   | Place    | Note
--------------------------------------------------------------
     0 | D:1      | magipi, the Tengu Fire Elementalist, began the quest for the Orb.
     0 | D:1      | Reached XP level 1. HP: 10/10 MP: 3/3
   241 | D:1      | Reached XP level 2. HP: 15/15 MP: 1/5
   671 | D:2      | Reached XP level 3. HP: 16/19 MP: 2/7
  1164 | D:2      | Reached skill level 4 in Conjurations
  1238 | D:2      | Reached XP level 4. HP: 18/24 MP: 0/8
  1306 | D:2      | Learned a level 3 spell: Conjure Flame
  1342 | D:2      | Noticed Ijyb
  1388 | D:2      | Killed Ijyb
  1518 | D:2      | Found a basalt altar of Yredelemnul.
  1519 | D:2      | Found a glowing silver altar of Zin.
  1788 | D:3      | Noticed an ogre
  1808 | D:3      | Killed an ogre
  1808 | D:3      | Reached skill level 5 in Conjurations
  1808 | D:3      | Reached XP level 5. HP: 28/28 MP: 0/12
  2168 | D:3      | Found a stormy altar of Qazlal.
  2183 | D:3      | Noticed emiel's ghost (average HEIE)
  2301 | D:3      | Learned a level 4 spell: Sticky Flame
  2307 | D:3      | Reached XP level 6. HP: 32/32 MP: 7/14
  2455 | D:3      | Killed from afar by emiel's ghost

Action                   |  1- 3 |  4- 6 || total
-------------------------+-------+-------++-------
Melee: Dagger            |    14 |     7 ||    21
 Cast: Flame Tongue      |    45 |    55 ||   100
       Conjure Flame     |       |     2 ||     2
 Stab: Sleeping          |     4 |     1 ||     5
  Eat: Chunk             |     2 |     4 ||     6

Action                   |  1- 3 |  4- 6 || total
-------------------------+-------+-------++-------
Melee: Dagger            |    14 |     7 ||    21
 Cast: Flame Tongue      |    45 |    55 ||   100
       Conjure Flame     |       |     2 ||     2
 Stab: Sleeping          |     4 |     1 ||     5
  Eat: Chunk             |     2 |     4 ||     6

Action                   |  1- 3 |  4- 6 || total
-------------------------+-------+-------++-------
Melee: Dagger            |    14 |     7 ||    21
 Cast: Flame Tongue      |    45 |    55 ||   100
       Conjure Flame     |       |     2 ||     2
 Stab: Sleeping          |     4 |     1 ||     5
  Eat: Chunk             |     2 |     4 ||     6
